 Dungeon Crawl Stone Soup version 0.25.0-45-g9783441 (webtiles) character file.

Game seed: 1363929326142639856

22282 Jackal the Brawler (level 12, -2/64 HPs)
             Began as a Gargoyle Fighter on July 16, 2020.
             Slain by a mana viper (11 damage)
             ... on level 1 of the Snake Pit.
             The game lasted 00:51:30 (12096 turns).

Jackal the Brawler (Gargoyle Fighter)              Turns: 12096, Time: 00:51:30

Health: -2/64      AC: 20    Str: 32    XL:     12   Next: 98%
Magic:  0/12       EV: 11    Int:  8    God:
Gold:   820        SH:  0    Dex:  9    Spells: 11/11 levels left

rFire    + + .     SeeInvis .     - Unarmed
rCold    + . .     Gourm    .   (no shield)
rNeg     + . .     Faith    .   g - +1 swamp dragon scales
rPois    ∞         Spirit   .   n - +2 helmet
rElec    +         Reflect  .   (no cloak)
rCorr    +         Harm     .   (no gloves)
MR       .....                  (no boots)
Stlth    ++........             x - amulet of regeneration
HPRegen  0.60/turn              e - ring of protection from fire
MPRegen  0.13/turn              h - +6 ring of strength

@: resistant, flying, constricted
A: negative energy resistance 1, electricity resistance, unbreathing,
petrification resistance, rot immunity, AC +8
a: no special abilities


You were on level 1 of the Snake Pit.
You were not hungry.

You visited 3 branches of the dungeon, and saw 13 of its levels.

You collected 820 gold pieces.

Inventory:

Armour
 a - a +0 scale mail
 g - +1 swamp dragon scales (worn)
 j - a +0 helmet
 n - a +2 helmet (worn)
Jewellery
 c - an uncursed ring of resist corrosion {unknown}
 e - a ring of protection from fire (left hand)
 h - a +6 ring of strength (right hand)
 k - an uncursed amulet of guardian spirit {unknown}
 s - a +6 ring of intelligence
 u - an uncursed ring of poison resistance {unknown}
 x - an amulet of regeneration (around neck)
 y - an uncursed amulet of faith {unknown}
Wands
 q - a wand of paralysis (17)
 r - a wand of flame (18)
 v - a wand of clouds (7)
 C - a wand of disintegration (14)
Scrolls
 b - 4 scrolls of blinking
 f - a scroll of vulnerability {unknown}
 i - 2 scrolls of enchant armour
 l - a scroll of fog
 m - 3 scrolls of fear
 p - a scroll of torment
 t - 8 scrolls of remove curse
 w - a scroll of random uselessness
 A - a scroll of amnesia
 B - a scroll of identify
 H - a scroll of teleportation
 L - 2 scrolls of silence {unknown}
Potions
 o - a potion of stabbing
 z - 2 potions of brilliance
 D - a potion of might
 E - 2 potions of cancellation
 F - a potion of invisibility
 I - a potion of mutation {unknown}
Comestibles
 d - 13 rations


   Skills:
 - Level 3.2 Fighting
 - Level 3.2 Armour
 + Level 6.7 Dodging
 + Level 4.3 Stealth
   Level 3.2 Shields
 + Level 18.0 Unarmed Combat
 + Level 0.2 Evocations


You had 11 spell levels left.
You didn't know any spells.
Your spell library contained the following spells:

 Spells                   Type           Power        Failure   Level  Hunger
 Magic Dart               Conj           #...         52%         1    ##.....
 Summon Small Mammal      Summ           #...         52%         1    ##.....
 Blink                    Tloc           N/A          65%         2    ###....
 Call Imp                 Summ           #.......     65%         2    ###....
 Slow                     Hex            #.......     65%         2    ###....
 Call Canine Familiar     Summ           #.......     87%         3    ####...
 Confusing Touch          Hex            #.......     87%         3    ####...
 Conjure Flame            Conj/Fire      #.......     87%         3    ####...
 Gell's Gravitas          Tloc           #.........   87%         3    ####...
 Mephitic Cloud           Conj/Pois/Air  #.......     87%         3    ####...
 Summon Guardian Golem    Hex/Summ       #.......     87%         3    ####...
 Leda's Liquefaction      Hex/Erth       #.........   99%         4    #####..
 Petrify                  Tmut/Erth      #.......     99%         4    #####..
 Summon Ice Beast         Ice/Summ       #.......     99%         4    #####..
 Summon Lightning Spire   Summ/Air       #.......     99%         4    #####..
 Bolt of Magma            Conj/Fire/Erth #.........   100%        5    ######.
 Metabolic Englaciation   Hex/Ice        #.........   100%        5    ######.
 Yara's Violent Unravell  Hex/Tmut       #.........   100%        5    ######.
 Iron Shot                Conj/Erth      #.........   100%        6    #######
 Shatter                  Erth           #.........   100%        9    #######
 Statue Form              Tmut/Erth      Unusable     N/A         6    N/A

Dungeon Overview and Level Annotations

Branches:
Dungeon (10/15)            Temple (0/1) D:4            Lair (3/6) D:10
  Snake (1/4) Lair:3
  Swamp: Lair:2-4    Shoals: Lair:2-4       Orc: D:9-12

Altars:
Elyvilon
Gozag
Nemelex Xobeh
Sif Muna
Trog
Vehumet
Wu Jian
Yredelemnul
Zin
The Shining One

Shops:
D:9 }

Annotations:
D:8 2 transporters, kim's ghost, novice GnWr


Innate Abilities, Weirdness & Mutations

You are resistant to torment.
Your stone body is resilient. (AC +8)
You are immune to poison.
You resist negative energy. (rN+)
You are resistant to electric shocks. (rElec)
You can survive without breathing.
You are immune to petrification.
You are immune to rotting.


Message History

* * * LOW HITPOINT WARNING * * *
The anaconda constricts you.
The mana viper bites you but does no damage.
You closely miss the anaconda.
The anaconda is moderately wounded.
The anaconda bites you but does no damage.
* * * LOW HITPOINT WARNING * * *
The anaconda constricts you. The mana viper bites you!
* * * LOW HITPOINT WARNING * * *
You feel your power leaking away. The anaconda closely misses you.
* * * LOW HITPOINT WARNING * * *
The anaconda constricts you.
You feel better. The mana viper barely misses you.
The anaconda barely misses you. The anaconda constricts you.
You feel protected. The anaconda closely misses you.
The anaconda constricts you.
The mana viper bites you but does no damage.
The anaconda misses you. The anaconda constricts you. The mana viper bites you!
You die...

#........ .......
#........ .......
#........# .....S.
#........####### .......
#..............# .......
#..............# .......
#..............#
P......##@.............#
........SS.............#
.......##>.............#
....... #..............#
####... #########......#
. ##.. ########)....##.
#.. #............... #..
#............... +..
#...............


You could see an anaconda and a mana viper.

Vanquished Creatures
  A naga warrior (Snake:1)
  Harold (D:10)
  Erica (Lair:1)
  A catoblepas (Lair:2)
  A two-headed ogre (D:8)
  A deep elf knight (D:10)
  Sonja (Lair:3)
  An unseen horror (D:10)
  A wizard (D:10)
  Pikel (D:6)
  An orc knight (D:10)
  A cyclops (D:9)
  An elephant (D:10)
  8 spiny frogs
  Maggie (D:6)
  3 komodo dragons
  A rime drake (Lair:3)
  A kobold demonologist (D:7)
  A polar bear (Lair:3)
  Prince Ribbit (Lair:1)
  6 blink frogs
  2 hornets (D:7)
  3 hippogriffs
  A wyvern (Lair:3)
  17 yaks
  Eustachio (D:6)
  A spriggan (D:7)
  4 hungry ghosts
  7 nagas
  2 water moccasins (Lair:2)
  An orc warrior (D:7)
  6 porcupines
  3 ice beasts
  2 sky beasts
  2 slaves (D:6)
  A black bear (Lair:2)
  2 eyes of draining (D:3)
  6 ogres
  2 phantoms
  2 centaurs (D:10)
  A big kobold (D:10)
  5 crocodiles
  11 bullfrogs
  3 wights (D:7)
  8 howler monkeys
  2 crimson imps
  A quasit (D:8)
  A jelly (D:9)
  A gnoll shaman (D:6)
  2 bullfrog skeletons
  A centaur skeleton (D:8)
  3 orc wizards
  3 worker ants
  A hound zombie (D:10)
  2 hound skeletons
  Robin (D:3)
  10 gnolls
  A howler monkey skeleton (D:10)
  3 adders
  2 shadow imps
  An ooze (D:1)
  A worm (D:2)
  A dart slug (D:2)
  A leopard gecko (D:2)
  18 orcs
  4 ball pythons
  5 bats
  5 giant cockroaches
  16 goblins
  11 hobgoblins
  12 jackals (D:1)
  2 quokkas
  3 frilled lizards (D:3)
  13 kobolds
  3 rats (D:2)
258 creatures vanquished.

Vanquished Creatures (others)
  2 slaves (D:6)
2 creatures vanquished.

Grand Total: 260 creatures vanquished

Notes
Turn   | Place    | Note
-------+----------+-------------------------------------------
     0 | D:1      | Jackal the Gargoyle Fighter began the quest for the Orb.
     0 | D:1      | Reached XP level 1. HP: 14/14 MP: 1/1
   161 | D:1      | Reached XP level 2. HP: 15/19 MP: 2/2
   456 | D:1      | Reached skill level 3 in Unarmed Combat
   558 | D:1      | Reached XP level 3. HP: 16/23 MP: 3/3
  1441 | D:2      | Reached XP level 4. HP: 28/28 MP: 4/4
  1676 | D:2      | Reached skill level 1 in Dodging
  1906 | D:3      | Reached skill level 1 in Stealth
  2137 | D:3      | Found a sparkling altar of Nemelex Xobeh.
  2145 | D:3      | Reached skill level 4 in Unarmed Combat
  2164 | D:3      | Found an opulent altar of Gozag.
  2200 | D:3      | Noticed Robin
  2215 | D:3      | Killed Robin
  2318 | D:3      | Noticed an eye of draining
  2338 | D:3      | Reached XP level 5. HP: 31/32 MP: 0/5
  2340 | D:3      | Noticed an eye of draining
  2346 | D:3      | Killed an eye of draining
  2346 | D:3      | Reached skill level 5 in Unarmed Combat
  2362 | D:3      | Killed an eye of draining
  2362 | D:3      | Reached XP level 6. HP: 37/37 MP: 0/6
  2419 | D:3      | Found a bloodstained altar of Trog.
  2814 | D:4      | Found a staircase to the Ecumenical Temple.
  2879 | D:4      | Reached skill level 6 in Unarmed Combat
  2958 | D:4      | You fall into a shaft and drop 2 floors!
  3001 | D:6      | Noticed a slave
  3003 | D:6      | Noticed a slave
  3007 | D:6      | Noticed Pikel
  3012 | D:6      | Noticed a slave
  3013 | D:6      | Noticed a slave
  3020 | D:6      | Killed a slave
  3027 | D:6      | Killed a slave
  3038 | D:6      | Killed Pikel
  3038 | D:6      | Reached skill level 7 in Unarmed Combat
  3038 | D:6      | Reached XP level 7. HP: 33/41 MP: 7/7
  3108 | D:6      | Found a sparkling altar of Nemelex Xobeh.
  3138 | D:6      | Reached skill level 8 in Unarmed Combat
  3138 | D:6      | Reached XP level 8. HP: 40/46 MP: 8/8
  3200 | D:6      | Noticed Maggie
  3216 | D:6      | Killed Maggie
  3216 | D:6      | Reached skill level 9 in Unarmed Combat
  3415 | D:6      | Noticed Eustachio
  3429 | D:6      | Killed Eustachio
  3709 | D:6      | Reached skill level 10 in Unarmed Combat
  4022 | D:6      | Reached XP level 9. HP: 51/51 MP: 9/9
  4281 | D:7      | Noticed a hornet
  4294 | D:7      | Killed a hornet
  4405 | D:7      | Noticed a hornet
  4414 | D:7      | Killed a hornet
  4414 | D:7      | Reached skill level 11 in Unarmed Combat
  4547 | D:7      | Found a shimmering blue altar of Sif Muna.
  4794 | D:7      | Found an ornate altar of the Wu Jian Council.
  5071 | D:7      | Found a glowing silver altar of Zin.
  5215 | D:7      | Noticed a kobold demonologist
  5221 | D:7      | Noticed an orange demon
  5230 | D:7      | Killed a kobold demonologist
  5712 | D:8      | Noticed a two-headed ogre
  5733 | D:8      | Killed a two-headed ogre
  5733 | D:8      | Reached skill level 12 in Unarmed Combat
  5733 | D:8      | Reached XP level 10. HP: 56/56 MP: 10/10
  5826 | D:8      | Found a transporter.
  5878 | D:8      | Noticed kim's ghost (novice GnWr)
  5888 | D:8      | Found a basalt altar of Yredelemnul.
  6098 | D:8      | Found a glowing golden altar of the Shining One.
  6130 | D:8      | Found a transporter.
  6361 | D:9      | Found Tymajud's Gadget Emporium.
  6436 | D:9      | Found a white marble altar of Elyvilon.
  6468 | D:9      | Reached skill level 13 in Unarmed Combat
  6656 | D:9      | Found a radiant altar of Vehumet.
  7437 | D:9      | Noticed a cyclops
  7450 | D:9      | Killed a cyclops
  7713 | D:10     | Entered Level 10 of the Dungeon
  7778 | D:10     | Found a staircase to the Lair.
  7778 | D:10     | Noticed an elephant
  7793 | D:10     | Killed an elephant
  7793 | D:10     | Reached skill level 5 in Dodging
  7853 | D:10     | Reached skill level 14 in Unarmed Combat
  8133 | D:10     | Reached XP level 11. HP: 60/60 MP: 11/11
  8237 | D:10     | Noticed a wizard
  8237 | D:10     | Noticed a +3 double sword
  8239 | D:10     | Noticed a deep elf knight
  8240 | D:10     | Noticed an orc knight
  8257 | D:10     | Killed an orc knight
  8273 | D:10     | Killed a deep elf knight
  8285 | D:10     | Killed a wizard
  8412 | D:10     | Noticed Harold
  8428 | D:10     | Killed Harold
  8428 | D:10     | Reached skill level 15 in Unarmed Combat
  8489 | D:10     | Killed an unseen horror
  8738 | Lair:1   | Entered Level 1 of the Lair of Beasts
  8873 | Lair:1   | Noticed Prince Ribbit
  8883 | Lair:1   | Killed Prince Ribbit
  9031 | Lair:1   | Noticed Erica
  9064 | Lair:1   | Killed Erica
  9187 | Lair:1   | Reached skill level 16 in Unarmed Combat
  9727 | Lair:2   | Reached XP level 12. HP: 64/64 MP: 12/12
 10404 | Lair:2   | Reached skill level 17 in Unarmed Combat
 10631 | Lair:2   | Noticed a catoblepas
 10649 | Lair:2   | Killed a catoblepas
 11607 | Lair:3   | Noticed Sonja
 11629 | Lair:3   | Killed Sonja
 11831 | Lair:3   | Found a staircase to the Snake Pit.
 11952 | Snake:1  | Entered Level 1 of the Snake Pit
 11972 | Snake:1  | Noticed a naga warrior
 11997 | Snake:1  | Killed a naga warrior
 11997 | Snake:1  | Reached skill level 18 in Unarmed Combat
 12083 | Snake:1  | Noticed an anaconda
 12094 | Snake:1  | HP: 1/64 [anaconda (3)]
 12096 | Snake:1  | Slain by a mana viper

Illustrated notes

Levels and vault maps discovered:
D:1:      psy_arrival_terrarium, layout_basic, st_stairs_11
D:2:      layout_rooms, first_ration
D:3:      layout_loops_ring, grunt_temple_overflow_opulence,
          trog_eyes_of_draining, serial_glass, glass_columns_b, glass_columns_a,
          glass_columns_b, glass_columns_a, serial_bayou_pond_d, uniq_robin
D:4:      layout_basic, lemuel_coloured_pillars_altar,
          minmay_temple_entry_statues_pillars, hangedman_abyss_or_decor_passed,
          minmay_misc_feat_encased, uniq_duvessa
D:6:      layout_loops_cross, nemelex_xobeh_ov_fountains_minmay, uniq_pikel,
          uniq_maggie, uniq_eustachio
D:7:      layout_basic, kennysheep_little_box, nicolae_overflow_crystal_walls,
          led_sif_book, the_bakery, hangedman_glass_teeth, minivault_11
D:8:      layout_loops_ring, lemuel_crystal_altar, kennysheep_mini_moat,
          gammafunk_ghost_stat_death
D:9:      layout_stronghold, lemuel_round_altar, elyvilon_altar_5, serial_shops,
          nicolae_shop_statue_plus
D:10:     layout_loops_ring, david_lair_generic, sword_in_stone
Lair:1:   layout_chaotic_city, uniq_prince_ribbit2, uniq_erica
Lair:2:   layout_cave_pods
Lair:3:   layout_chaotic_city, minmay_snake_entry_guardpost_medium,
          minmay_stone_trees_small, st_stairs_11, uniq_sonja
Snake:1:  layout_grid_maze, basic_altar, serial_bayou_shore_a

Skill      XL: |  1  2  3  4  5  6  7  8  9 10 11 12 |
---------------+-------------------------------------+-----
Unarmed Combat | 3 4 5 7 8 10 12 14 16 18 | 18.0
Dodging        | 1 2 4 5 6 |  6.7
Stealth        | 1 2 3 4 |  4.3
Fighting       | |  3.2
Armour         | |  3.2
Shields        | |  3.2
Evocations     | |  0.2

Action                   |  1- 3 |  4- 6 |  7- 9 | 10-12 || total
-------------------------+-------+-------+-------+-------++-------
Melee: Unarmed           |   211 |   155 |   216 |   549 ||  1131
       Punch             |       |     4 |     6 |    51 ||    61
Evoke: Wand              |       |       |       |     1 ||     1
  Use: Scroll            |     5 |     3 |     6 |     5 ||    19
       Potion            |       |     4 |     7 |    16 ||    27
 Stab: Sleeping          |       |       |       |     1 ||     1
  Eat: Chunk             |     2 |     5 |     3 |    11 ||    21
       Ration            |       |       |     2 |     7 ||     9
Armor: Scale mail        |   158 |    74 |     9 |       ||   241
       Swamp dragon scal |       |       |    62 |   227 ||   289
       Skin              |       |       |     4 |       ||     4
Dodge: Dodged            |   120 |    65 |    98 |   251 ||   534
